 Dungeon Crawl Stone Soup version 0.29-a0-375-g5102b3be25 (webtiles) character file.

Game seed: 539203974227699006

1789 Antichthon the Cudgeller (level 9, -1/54 HPs)
             Began as a Gargoyle Fighter on May 4, 2022.
             Was a Believer of Zin.
             Slain by a skeletal warrior
             ... wielding a +0 trident
              (19 damage)
             ... on level 7 of the Dungeon.
             The game lasted 00:09:37 (6568 turns).

Antichthon the Cudgeller (Gargoyle Fighter)         Turns: 6568, Time: 00:09:38

Health: -1/54      AC: 19    Str: 22    XL:     9   Next: 8%
Magic:  2/2        EV: 13    Int: 11    God:    Zin [**....]
Gold:   356        SH:  8    Dex: 19    Spells: 8/8 levels left

rFire   . . .      SeeInvis .   a - +0 morningstar (spect)
rCold   + . .      Faith    .   c - +2 buckler of the Gate {rElec rC+ MP-9 Dex+4}
rNeg    + . .      Spirit   .   l - +0 chain mail
rPois   ∞          Reflect  .   y - +0 helmet
rElec   +          Harm     .   (no cloak)
rCorr   .          Rampage  .   t - +0 pair of gloves
Will    .....                   (no boots)
Stlth   ..........              s - amulet of the acrobat
HPRegen 0.18/turn               i - +4 ring of evasion
MPRegen 0.08/turn               x - +6 ring of dexterity

@: no status effects
A: sickness immunity, AC +6, negative energy resistance 1, electricity
resistance, torment resistance 1, petrification resistance
a: Renounce Religion, Recite, Vitalisation, Donate Gold


You were on level 7 of the Dungeon.
You worshipped Zin.
Zin was pleased with you.
You visited 2 branches of the dungeon, and saw 8 of its levels.

You collected 395 gold pieces.
You donated 39 gold pieces to Zin.

Inventory:

Hand Weapons
 a - a +0 spectral morningstar (weapon)
Missiles
 w - a throwing net (quivered)
Armour
 c - the +2 buckler of the Gate (worn) {rElec rC+ MP-9 Dex+4}
   (You found it on level 2 of the Dungeon)

   Dex:       It affects your dexterity (+4).
   rC:        It protects you from cold.
   rElec:     It insulates you from electricity.
   MP:        It affects your magic capacity (-9).
 l - a +0 chain mail (worn)
 t - a +0 pair of gloves (worn)
 y - a +0 helmet (worn)
Jewellery
 i - a +4 ring of evasion (left hand)
 s - an amulet of the acrobat (around neck)
 x - a +6 ring of dexterity (right hand)
Wands
 m - a wand of iceblast (5)
 p - a wand of paralysis (14)
 A - a wand of acid (3)
Scrolls
 j - 4 scrolls of teleportation
 r - 2 scrolls of summoning
 u - a scroll of poison
 z - a scroll of enchant weapon
Potions
 b - a potion of resistance {unknown}
 d - a potion of might
 e - 3 potions of haste
 f - a potion of cancellation {unknown}
 g - 2 potions of attraction
 h - 4 potions of curing
 k - 3 potions of heal wounds
 n - a potion of flight {unknown}
 o - 3 potions of berserk rage {unknown}
 q - a potion of magic {unknown}
 v - 2 potions of lignification {unknown}


   Skills:
 * Level 5.2 Fighting
 * Level 7.2 Maces & Flails
 * Level 6.5 Armour
 * Level 2.8 Dodging
 * Level 5.2 Shields
 * Level 3.6 Invocations


You had 8 spell levels left.
You didn't know any spells.
Your spell library contained the following spells:

 Spells                   Type           Power      Damage    Failure   Level
 Freeze                   Ice            0%         1d3       98%         1
 Frozen Ramparts          Ice            0%         1d2       100%        3
 Animate Armour           Summ/Erth      0%         N/A       100%        4
 Hailstorm                Conj/Ice       0%         3d3       100%        4
 Blade Hands              Tmut           0%         N/A       100%        5
 Iron Shot                Conj/Erth      0%         9d1       100%        6


Dungeon Overview and Level Annotations

Branches:
Dungeon (7/15)             Temple (1/1) D:5

Altars:
Kikubaaqudgha
Sif Muna
Uskayaw
Vehumet
Yredelemnul
Zin


Innate Abilities, Weirdness & Mutations

You are immune to sickness and miasma.
Your stone body is resilient. (AC +6)
You are immune to poison.
You resist negative energy. (rN+)
You are resistant to electric shocks. (rElec)
You are resistant to unholy torment.
You are immune to petrification.


Message History

You resist.
The skeletal warrior hits you from afar with a +0 trident!
Unknown command.
You swap places.
You block the white imp's attack.
Unknown command.
You puncture the white imp!
You kill the white imp!
You block the skeletal warrior's attack.
The skeletal warrior hits you with a +0 trident!
There is a stone staircase leading up here.
Unknown command.
You hit the skeletal warrior but do no damage.
Your +0 spectral morningstar hits the skeletal warrior!
The skeletal warrior hits you with a +0 trident!
* * * LOW HITPOINT WARNING * * *
Unknown command.
You feel much better.
You block the skeletal warrior's attack.
Unknown command.
You puncture the skeletal warrior!
The skeletal warrior is moderately damaged.
Your +0 spectral morningstar hits the skeletal warrior.
The skeletal warrior closely misses you.
You block the skeletal warrior's attack.
Unknown command.
You hit the skeletal warrior.
The skeletal warrior is heavily damaged.
Your +0 spectral morningstar barely misses the skeletal warrior.
You block the skeletal warrior's attack.
Unknown command.
You hit the skeletal warrior but do no damage.
The skeletal warrior is heavily damaged.
Your +0 spectral morningstar hits the skeletal warrior!
The skeletal warrior hits you with a +0 trident!!
Unknown command.
You puncture the skeletal warrior!
The skeletal warrior is severely damaged.
Your +0 spectral morningstar closely misses the skeletal warrior.
The skeletal warrior hits you with a +0 trident!!
You die...

## .. #. ..
#.###.#######
#.......@z..#
#####.##(##.#
.. .=... #
###.....#.#
####### #


You could see a skeletal warrior and a friendly +0 spectral morningstar
(summoned).

Vanquished Creatures
  A skeletal warrior (D:5)
  Maggie (D:6)
  An ice beast (D:5)
  2 ogres
  A centaur (D:6)
  A kobold brigand (D:6)
  A gnoll sergeant (D:5)
  A necrophage (D:6)
  2 scorpions
  2 jellies (D:5)
  Ijyb (D:3)
  3 iguanas (D:6)
  An adder (D:6)
  5 gnolls
  A shadow imp (D:6)
  A white imp (D:7)
  2 worms
  2 dart slugs
  9 orcs
  3 bats
  9 endoplasms
  3 giant cockroaches
  8 goblins
  6 hobgoblins
  4 jackals
  5 kobolds
  6 quokkas
  6 ball pythons
  4 frilled lizards
  4 rats
96 creatures vanquished.

Vanquished Creatures (collateral kills)
  A dart slug (D:5)
1 creature vanquished.

Vanquished Creatures (others)
  A kobold (D:6)
1 creature vanquished.

Grand Total: 98 creatures vanquished

Notes
Turn   | Place    | Note
-------+----------+-------------------------------------------
     0 | D:1      | Antichthon the Gargoyle Fighter began the quest for the
                  | Orb.
     0 | D:1      | Reached XP level 1. HP: 14/14 MP: 1/1
   118 | D:1      | Reached XP level 2. HP: 10/19 MP: 2/2
   753 | D:1      | Reached XP level 3. HP: 3/23 MP: 3/3
  1519 | D:2      | Identified the +2 buckler of the Gate {rElec rC+ MP-9
                  | Dex+4}
  2310 | D:3      | Reached XP level 4. HP: 19/29 MP: 0/4
  2476 | D:3      | Reached skill level 1 in Invocations
  2537 | D:3      | Identified the +1 robe "Okheosau" {Str+2 Int+2}
  2575 | D:3      | Reached skill level 1 in Dodging
  2963 | D:3      | Noticed Ijyb
  2964 | D:3      | Paralysed by Ijyb for 4 turns
  2970 | D:3      | Paralysed by Ijyb for 3 turns
  2980 | D:3      | Paralysed by Ijyb for 4 turns
  2986 | D:3      | Paralysed by Ijyb for 3 turns
  2994 | D:3      | Killed Ijyb
  2995 | D:3      | Reached skill level 3 in Maces & Flails
  3305 | D:4      | Reached XP level 5. HP: 29/33 MP: 0/5
  4296 | D:5      | Entered Level 5 of the Dungeon
  4343 | D:5      | Noticed an ice beast
  4347 | D:5      | Killed an ice beast
  4348 | D:5      | Reached XP level 6. HP: 38/38 MP: 0/7
  4405 | D:5      | Found a staircase to the Ecumenical Temple.
  4427 | Temple   | Entered the Ecumenical Temple
  4463 | Temple   | Became a worshipper of Zin the Law-Giver
  4463 | Temple   | Reached * piety under Zin
  4507 | D:5      | Reached skill level 4 in Maces & Flails
  4771 | D:5      | Reached skill level 5 in Armour
  4967 | D:6      | Reached XP level 7. HP: 43/43 MP: 0/8
  5160 | D:6      | Reached skill level 5 in Maces & Flails
  5340 | D:6      | Reached ** piety under Zin
  5629 | D:5      | Reached XP level 8. HP: 36/48 MP: 0/9
  5901 | D:6      | Noticed Maggie
  5909 | D:6      | Killed Maggie
  5910 | D:6      | Reached skill level 6 in Maces & Flails
  6265 | D:7      | Noticed a skeletal warrior
  6265 | D:7      | Noticed a skeletal warrior
  6265 | D:7      | Noticed a skeletal warrior
  6387 | D:5      | Zin protects you from harm!
  6388 | D:5      | Killed a skeletal warrior
  6389 | D:5      | Reached skill level 5 in Fighting
  6389 | D:5      | Reached skill level 7 in Maces & Flails
  6389 | D:5      | Reached skill level 5 in Shields
  6389 | D:5      | Reached XP level 9. HP: 28/54 MP: 2/11
  6568 | D:7      | Slain by a skeletal warrior

Illustrated notes

Levels and vault maps discovered:
D:1:      psy_arrival_fountain, layout_rooms, st_stairs_6
D:2:      layout_loops_corners
D:3:      layout_basic, dk_vineyard_3, uniq_ijyb
D:4:      layout_basic
D:5:      layout_basic, minmay_temple_entry_offerings
D:6:      layout_rooms, hex_intersection, st_stairs_14, uniq_maggie
D:7:      layout_basic, ebering_ghost_reflecting_pool, serial_shops,
          nicolae_shop_hallway_stairs
Temple:   mainiacjoe_temple_bowtie_tessellation

Skill      XL: |  1  2  3  4  5  6  7  8 |
---------------+-------------------------+-----
Invocations    | 1 2 3 |  3.6
Dodging        | 1 2 |  2.8
Armour         | 4 5 6 |  6.5
Maces & Flails | 3 4 5 7 |  7.2
Shields        | 4 5 |  5.2
Fighting       | 4 5 |  5.2

Action                   |  1- 3 |  4- 6 |  7- 9 || total
-------------------------+-------+-------+-------++-------
Melee: Flail             |   135 |    42 |       ||   177
       Morningstar       |       |    63 |    70 ||   133
  Use: Scroll            |     7 |     9 |     1 ||    17
       Potion            |       |       |     4 ||     4
 Stab: Distracted        |       |     1 |     1 ||     2
Armor: Scale mail        |    71 |       |       ||    71
       Chain mail        |       |    48 |    29 ||    77
Dodge: Dodged            |    92 |    38 |    61 ||   191
Block: Buckler           |    43 |    34 |    37 ||   114

Table legend: (Time is in decaauts)
 A = Elapsed time spent in this place.
 B = Non-inter-level travel time spent in this place.
 C = Inter-level travel time spent in this place.
 D = Time resting spent in this place.
 E = Time spent auto-exploring this place.
 F = Levels seen in this place.
 G = Mean time per level.
                   A        B        C        D        E       F      G
               +--------+--------+--------+--------+--------+-----+--------+
         Total |   6674 |   6406 |    268 |    672 |   4574 |   8 |  834.2 |
       Dungeon |   6612 |   6369 |    243 |    672 |   4546 |   7 |  944.6 |
        Temple |     61 |     36 |     25 |      0 |     28 |   1 |   61.0 |
               +--------+--------+--------+--------+--------+-----+--------+

Top non-repeatable levels by time:
     D:1: 1406 daAuts
     D:5: 1170 daAuts
     D:4: 1150 daAuts
     D:6: 967 daAuts
     D:3: 965 daAuts
     D:2: 933 daAuts
  Temple: 61 daAuts
     D:7: 20 daAuts
